 Dungeon Crawl Stone Soup version 0.27-a0-1273-gec92ba881d (webtiles) character file.

Game seed: 10025953565389603586

462 mhtbhm the Ruffian (level 7, -5/59 HPs)
             Began as a Ghoul Monk on June 11, 2021.
             Was a Priest of Uskayaw.
             Slain by Prince Ribbit (14 damage)
             ... on level 5 of the Dungeon.
             The game lasted 00:05:08 (3765 turns).

mhtbhm the Ruffian (Ghoul Monk)                     Turns: 3765, Time: 00:05:09

Health: -5/59      AC:  4    Str: 17    XL:     7   Next: 7%
Magic:  4/7        EV: 12    Int:  5    God:    Uskayaw [***...]
Gold:   181        SH:  0    Dex: 11    Spells: 6/6 levels left

rFire    . . .     SeeInvis .     - Unarmed
rCold    + . .     Faith    +   (no shield)
rNeg     + + +     Spirit   .   b - +0 leather armour
rPois    ∞         Reflect  .   (no helmet)
rElec    .         Harm     .   h - +0 cloak
rCorr    .         Rampage  .   (no gloves)
Will     .....                  (no boots)
Stlth    ++........             f - amulet of faith
HPRegen  0.00/turn              (no ring)
MPRegen  0.10/turn              (no ring)

@: attractive
A: claws 1, cold resistance 1, negative energy resistance 3, inhibited
regeneration, torment resistance 2
a: Renounce Religion, Stomp, Line Pass


You were on level 5 of the Dungeon.
You worshipped Uskayaw.
Uskayaw was noncommittal.
You visited 1 branch of the dungeon, and saw 5 of its levels.

You collected 181 gold pieces.

Inventory:

Armour
 b - a +0 leather armour (worn)
 h - a +0 cloak (worn)
Jewellery
 f - an amulet of faith (around neck)
 m - a ring of fire
Scrolls
 a - 6 scrolls of identify {unknown}
 i - a scroll of torment {unknown}
 j - a scroll of enchant armour {unknown}
 k - a scroll of magic mapping {unknown}
Potions
 c - a potion of lignification
 g - a potion of curing {unknown}
 l - a potion of degeneration {unknown}
 n - a potion of flight {unknown}


   Skills:
 + Level 4.2 Fighting
 + Level 2.3 Armour
 + Level 3.8 Dodging
 + Level 3.5 Stealth
 + Level 5.7 Unarmed Combat
 * Level 1.4 Invocations


You had 6 spell levels left.
You didn't know any spells.
Your spell library was empty.

Dungeon Overview and Level Annotations

Branches:
Dungeon (5/15)
 Temple: D:4-7

Altars:
Kikubaaqudgha
Uskayaw
Yredelemnul

Shops:
D:1 *[[(

Annotations:
D:5 Prince Ribbit


Innate Abilities, Weirdness & Mutations

You thrive by killing the living.
You are immune to poison.
You have sharp fingernails.
Your flesh is cold resistant. (rC+)
You are immune to negative energy. (rN+++)
You do not regenerate when monsters are visible.
You are immune to unholy pain and torment.


Message History

Prince Ribbit is moderately wounded.
Prince Ribbit misses you. Prince Ribbit closely misses you.
You claw Prince Ribbit! Your claw misses Prince Ribbit.
Prince Ribbit is severely wounded.
Prince Ribbit barely misses you.
Uskayaw will force your foes to share their pain.
Okay, then.
You stomp with the beat, sending a shockwave through the revellers around you!
Prince Ribbit is severely wounded.
Prince Ribbit mumbles some strange words.
Prince Ribbit easily resists.
You are too injured to fight recklessly!
You are too injured to fight recklessly!
You are too injured to fight recklessly!
You are too injured to fight recklessly!
You are too injured to fight recklessly!
You are too injured to fight recklessly!
You are too injured to fight recklessly!
You are too injured to fight recklessly!
You are too injured to fight recklessly!
You are too injured to fight recklessly!
You are too injured to fight recklessly!
You closely miss Prince Ribbit.
Prince Ribbit is severely wounded.
Prince Ribbit hits you!
* * * LOW HITPOINT WARNING * * *
Prince Ribbit misses you.
You scratch Prince Ribbit. Your claw misses Prince Ribbit.
Prince Ribbit is severely wounded.
Prince Ribbit hits you.
* * * LOW HITPOINT WARNING * * *
You miss Prince Ribbit.
Prince Ribbit is severely wounded.
Prince Ribbit casts a spell.
Prince Ribbit looks slightly unstable.
Unknown command.
It was a potion of attraction.
You feel attractive to monsters. Prince Ribbit hits you!
You die...

..........#
#.........#
#.........#
#####....[...##
...............
##...........#
#.....†.......
#.@........ .
#..F.......
...#####.......#.
#.....##........
#...........
##.##....... #.#
...###.
###.#..#..#
.######.....###.#


You could see Prince Ribbit.

Vanquished Creatures
  A centaur (D:3)
  2 scorpions
  2 howler monkeys
  A jelly (D:4)
  A gnoll (D:1)
  6 adders
  An ufetubus (D:4)
  An adder skeleton (D:4)
  A worm (D:3)
  2 dart slugs
  6 orcs
  9 ball pythons
  A bat zombie (D:3)
  9 endoplasms
  6 giant cockroaches
  4 goblins
  12 hobgoblins
  5 jackals (D:4)
  A quokka (D:2)
  2 frilled lizards
  7 kobolds
  8 rats
  2 rat zombies (D:3)
90 creatures vanquished.

Notes
Turn   | Place    | Note
-------+----------+-------------------------------------------
     0 | D:1      | mhtbhm the Ghoul Monk began the quest for the Orb.
     0 | D:1      | Reached XP level 1. HP: 19/19 MP: 0/0
   104 | D:1      | Found Xedgha Daroa's Weapon Shoppe.
   150 | D:1      | Found Mejooff's Antique Armour Shoppe.
   164 | D:1      | Found Zuidusumo's Armour Shoppe.
   166 | D:1      | Found a faded altar of an unknown god.
   174 | D:1      | Reached XP level 2. HP: 24/26 MP: 1/1
   209 | D:1      | Became a worshipper of Uskayaw the Reveller
   209 | D:1      | Reached * piety under Uskayaw
   209 | D:1      | Reached ** piety under Uskayaw
   238 | D:1      | Reached *** piety under Uskayaw
   242 | D:1      | Reached **** piety under Uskayaw
   244 | D:1      | Reached XP level 3. HP: 15/33 MP: 2/2
  1120 | D:1      | Found Odeebaps's Assorted Antiques.
  1645 | D:2      | Reached XP level 4. HP: 32/40 MP: 3/3
  1728 | D:2      | Reached skill level 4 in Unarmed Combat
  1795 | D:2      | Reached skill level 1 in Armour
  2350 | D:3      | Noticed a centaur
  2362 | D:3      | Killed a centaur
  2363 | D:3      | Reached XP level 5. HP: 28/46 MP: 4/4
  2650 | D:3      | Found an ancient bone altar of Kikubaaqudgha.
  2974 | D:4      | Reached skill level 5 in Unarmed Combat
  2974 | D:4      | Reached XP level 6. HP: 42/52 MP: 5/5
  3501 | D:4      | Reached ***** piety under Uskayaw
  3594 | D:4      | Found a basalt altar of Yredelemnul.
  3687 | D:5      | Entered Level 5 of the Dungeon
  3693 | D:5      | Reached skill level 1 in Invocations
  3726 | D:5      | Noticed Prince Ribbit
  3733 | D:5      | Reached XP level 7. HP: 45/59 MP: 5/7
  3765 | D:5      | Slain by Prince Ribbit

Illustrated notes

Levels and vault maps discovered:
D:1:      roderic_chinese_lattice_arrival, layout_basic, serial_shops,
          shop_statue, nicolae_shop_behind_doors, shop_fountains,
          nicolae_shop_behind_doors, ebering_ecumenical_altar_mist,
          minmay_tromino_v4_a
D:2:      layout_basic
D:3:      layout_loops_ring, lemuel_zombie_altar_kikubaaqudgha
D:4:      layout_basic, overflow_temple_1_default
D:5:      layout_rooms, lemuel_coloured_pillars_altar, uniq_grinder,
          uniq_prince_ribbit1

Skill      XL: |  1  2  3  4  5  6 |
---------------+-------------------+-----
Dodging        | 3 |  3.8
Unarmed Combat | 4 5 |  5.7
Armour         | 1 2 |  2.3
Fighting       | 4 |  4.2
Stealth        | 3 |  3.5
Invocations    | 1 |  1.4

Action                   |  1- 3 |  4- 6 |  7- 9 || total
-------------------------+-------+-------+-------++-------
Melee: Unarmed           |    97 |   193 |    28 ||   318
       Punch             |     2 |     3 |       ||     5
Invok: Stomp             |       |       |     1 ||     1
  Use: Potion            |       |       |     3 ||     3
 Stab: Sleeping          |     3 |     3 |       ||     6
       Paralysed         |     2 |     6 |     1 ||     9
       Distracted        |       |     1 |       ||     1
Armor: Leather armour    |    26 |    53 |     6 ||    85
Dodge: Dodged            |    70 |   128 |    21 ||   219

Table legend: (Time is in decaauts)
 A = Elapsed time spent in this place.
 B = Non-inter-level travel time spent in this place.
 C = Inter-level travel time spent in this place.
 D = Time resting spent in this place.
 E = Time spent auto-exploring this place.
 F = Levels seen in this place.
 G = Mean time per level.
                   A        B        C        D        E       F      G
               +--------+--------+--------+--------+--------+-----+--------+
         Total |   3739 |   3656 |     83 |    638 |   2412 |   5 |  747.8 |
       Dungeon |   3739 |   3656 |     83 |    638 |   2412 |   5 |  747.8 |
               +--------+--------+--------+--------+--------+-----+--------+

Top non-repeatable levels by time:
     D:1: 1380 daAuts
     D:3: 936 daAuts
     D:4: 721 daAuts
     D:2: 627 daAuts
     D:5: 73 daAuts
